 Dungeon Crawl Stone Soup version 0.30-a0-224-ge52a3cb02f (webtiles) character file.

Game seed: 15907120311074250620

494 qw the Chopper (level 7, -4/43 HPs)
             Began as a Gargoyle Fighter on Oct 9, 2022.
             Slain by a killer bee (5 damage)
             ... on level 5 of the Dungeon.
             The game lasted 00:02:17 (3779 turns).

qw the Chopper (Gargoyle Fighter)                   Turns: 3779, Time: 00:02:17

Health: -4/43      AC: 13    Str: 28    XL:     7   Next: 15%
Magic:  7/7        EV:  8    Int:  8    God:
Gold:   130        SH:  4    Dex:  9    Spells: 6/6 levels left

rFire   . . .      SeeInvis .    Y - +0 war axe (flame)
rCold   . . .      Faith    .    c - +0 buckler
rNeg    + + .      Spirit   .    j - +0 chain mail
rPois   inf        Reflect  .    (no helmet)
rElec   +          Harm     .    (no cloak)
rCorr   .          Rampage  .    (no gloves)
Will    .....                    (no boots)
Stlth   ..........               (no amulet)
HPRegen 0.27/turn                g - ring of positive energy
MPRegen 0.10/turn                k - +6 ring of strength

@: about to teleport
A: sickness immunity, AC +4, negative energy resistance 1, electricity
resistance, torment resistance 1, petrification resistance
a: no special abilities


You were on level 5 of the Dungeon.
You visited 1 branch of the dungeon, and saw 5 of its levels.

You collected 130 gold pieces.


Innate Abilities, Weirdness & Mutations

You are immune to sickness and miasma.
Your stone body is resilient. (AC +4)
You are immune to poison.
You resist negative energy. (rN+)
You are resistant to electric shocks. (rElec)
You are resistant to unholy torment.
You are immune to petrification.


   Skills:
 - Level 4.0 Fighting
 + Level 6.3 Axes
 - Level 3.2 Armour
 - Level 1.3 Dodging
 - Level 3.2 Shields


You had 6 spell levels left.
You didn't know any spells.
Your spell library was empty.

Inventory:

Hand Weapons
 Y - a +0 war axe of flaming (weapon)
Missiles
 h - 4 boomerangs (quivered)
Armour
 c - a +0 buckler (worn)
 f - a +2 ring mail of fire resistance
 j - a +0 chain mail (worn)
Jewellery
 b - a ring of ice
 g - a ring of positive energy (left hand)
 k - a +6 ring of strength (right hand)
Scrolls
 a - a scroll of identify
 e - a scroll of magic mapping {unknown}
Potions
 d - a potion of might
 i - a potion of curing {unknown}
 m - a potion of magic {unknown}

Dungeon Overview and Level Annotations

Branches:
Dungeon (5/15)
 Temple: D:4-7

Altars:
Elyvilon
Hepliaklqana
Kikubaaqudgha
Makhleb
Qazlal
Ru
Zin
The Shining One


Message History

You block the killer bee's attack. The killer bee stings you.
The orc wizard casts a spell at you. The puff of flame hits you!
The killer bee stings you but does no damage. x2
You slash the orc wizard! You burn the orc wizard.
You kill the orc wizard!
You closely miss the killer bee. You miss the killer bee.
The killer bee stings you but does no damage.
You closely miss the killer bee.
The killer bee is almost dead.
You slash the killer bee! You burn the killer bee.
The killer bee closely misses you. The killer bee stings you. x2
The killer bee barely misses you.
You closely miss the killer bee.
The killer bee is almost dead.
You miss the killer bee.
The orc priest shouts!
The killer bee barely misses you. The killer bee closely misses you.
The killer bee stings you but does no damage. x3
The killer bee barely misses you.
You miss the killer bee.
The killer bee is almost dead.
You closely miss the killer bee. The killer bee stings you.
The killer bee stings you but does no damage. x3
3778 ||| READING scroll of teleportation.
As you read the scroll of teleportation, it crumbles to dust.
You feel strangely unstable.
The killer bee barely misses you. x2; The killer bee stings you. x2
The orc priest hits you but does no damage.
You closely miss the killer bee.
The killer bee is almost dead.
You barely miss the killer bee. You slash the orc priest!
You burn the orc priest.
You kill the orc priest!
The killer bee stings you but does no damage. x2
The killer bee stings you.
The killer bee stings you but does no damage.
The killer bee stings you.
You die...

........#####.......####
......................(#
>......................
#####.......#.....#
#.#####.#..<..# #.#
#.#........# #.#
#.#....##### ######y##
#......?. #..yyy@)#
#.......# .....y##).#
#.......# ......
##..<....##### .....
.#.#... ..... .#.# ....
.# # .... o. ..


You could see 5 killer bees.

Vanquished Creatures
  2 phantoms
  2 jellies
  An orc priest (D:5)
  An iguana (D:4)
  3 orc wizards
  3 gnolls (D:4)
  4 adders
  2 ufetubi (D:4)
  A dart slug (D:2)
  10 orcs
  7 endoplasms
  6 giant cockroaches
  7 goblins
  3 hobgoblins
  9 jackals
  5 quokkas
  8 ball pythons
  4 bats
  5 frilled lizards
  13 kobolds
  4 rats
100 creatures vanquished.

Vanquished Creatures (others)
  5 plants (D:4)
5 creatures vanquished.

Grand Total: 105 creatures vanquished

Notes
Turn   | Place    | Note
-------+----------+-------------------------------------------
     0 | D:1      | qw the Gargoyle Fighter began the quest for the Orb.
     0 | D:1      | Reached XP level 1. HP: 14/14 MP: 1/1
     0 | D:1      | 0 ||| qw: Version: 0.2-a-17-g06abaee
     0 | D:1      | 0 ||| qw: Game counter: 2285
     0 | D:1      | 0 ||| qw: Always use a shield: true
     0 | D:1      | 0 ||| qw: God list: Okawaru
     0 | D:1      | 0 ||| qw: Allow faded altars: false
     0 | D:1      | 0 ||| qw: Do Orc after D:15 true
     0 | D:1      | 0 ||| qw: Do second Lair branch before Depths: true
     0 | D:1      | 0 ||| qw: Lair rune preference: random
     0 | D:1      | 0 ||| qw: Plans: Normal, Zot:1-4, God:TSO, Crypt, Tomb,
                  | Pan, Slime:5, Hells, Abyss, Orb
     0 | D:1      | 0 ||| PLANNING D:1-11
    78 | D:1      | Reached skill level 2 in Axes
   194 | D:1      | 194 ||| Stepping ~*~*~tactically~*~*~ (stealth).
   202 | D:1      | 202 ||| Stepping ~*~*~tactically~*~*~ (stealth).
   219 | D:1      | Reached XP level 2. HP: 18/19 MP: 2/2
   561 | D:1      | 561 ||| Stepping ~*~*~tactically~*~*~ (stealth).
   582 | D:1      | Reached skill level 3 in Axes
   665 | D:1      | Reached XP level 3. HP: 22/23 MP: 3/3
  1257 | D:1      | 1257 ||| UPGRADING to ring of positive energy.
  1258 | D:1      | 1258 ||| READING scroll labelled QOILADOQEI.
  1259 | D:1      | 1259 ||| READING scroll labelled TERUEROIPI.
  1260 | D:1      | 1260 ||| READING scroll labelled JEDIUKEICI.
  1261 | D:1      | 1261 ||| DROPPING +0 club.
  1262 | D:1      | 1262 ||| READING scroll labelled JERIN UNNAOMO.
  1263 | D:1      | 1263 ||| READING 2 scrolls labelled UNO DIUCUUXZU.
  1264 | D:1      | 1264 ||| DROPPING scroll of vulnerability.
  1316 | D:2      | 1316 ||| STAIRDANCE
  1324 | D:2      | 1324 ||| STAIRDANCE
  1393 | D:2      | 1393 ||| Stepping ~*~*~tactically~*~*~ (hiding).
  1394 | D:2      | 1394 ||| Stepping ~*~*~tactically~*~*~ (hiding).
  1521 | D:2      | Reached XP level 4. HP: 28/28 MP: 4/4
  1522 | D:2      | Found a hazy altar of Hepliaklqana.
  1594 | D:2      | Reached skill level 4 in Axes
  1626 | D:2      | 1626 ||| Stepping ~*~*~tactically~*~*~ (stealth).
  1876 | D:2      | 1876 ||| DROPPING +6 ring of intelligence.
  1877 | D:2      | 1877 ||| Stepping randomly (stuck).
  1879 | D:2      | 1879 ||| Stepping randomly (stuck).
  1881 | D:2      | 1881 ||| Stepping randomly (stuck).
  1882 | D:2      | 1882 ||| Stepping randomly (stuck).
  1883 | D:2      | 1883 ||| Stepping randomly (stuck).
  1884 | D:2      | 1884 ||| Stepping randomly (stuck).
  1886 | D:2      | 1886 ||| Stepping randomly (stuck).
  1887 | D:2      | 1887 ||| Stepping randomly (stuck).
  1888 | D:2      | 1888 ||| Stepping randomly (stuck).
  1889 | D:2      | 1889 ||| Stepping randomly (stuck).
  1890 | D:2      | 1890 ||| Stepping randomly (stuck).
  1891 | D:2      | 1891 ||| Stepping randomly (stuck).
  1898 | D:2      | 1898 ||| READING 2 scrolls of identify.
  1898 | D:2      | 1898 ||| IDENTIFYING emerald potion
  1899 | D:2      | 1899 ||| DROPPING potion of flight.
  1900 | D:2      | 1900 ||| Stepping randomly (stuck).
  1901 | D:2      | 1901 ||| Stepping randomly (stuck).
  1903 | D:2      | 1903 ||| Stepping randomly (stuck).
  1904 | D:2      | 1904 ||| Stepping randomly (stuck).
  1905 | D:2      | 1905 ||| Stepping randomly (stuck).
  1906 | D:2      | 1906 ||| Stepping randomly (stuck).
  1907 | D:2      | 1907 ||| Stepping randomly (stuck).
  1908 | D:2      | 1908 ||| Stepping randomly (stuck).
  1910 | D:2      | 1910 ||| Stepping randomly (stuck).
  1952 | D:2      | 1952 ||| READING scroll labelled GUOPLO PYSAO.
  1953 | D:2      | 1953 ||| Stepping randomly (stuck).
  1954 | D:2      | 1954 ||| Stepping randomly (stuck).
  1956 | D:2      | 1956 ||| Stepping randomly (stuck).
  1957 | D:2      | 1957 ||| Stepping randomly (stuck).
  1958 | D:2      | 1958 ||| Stepping randomly (stuck).
  1959 | D:2      | 1959 ||| Stepping randomly (stuck).
  1960 | D:2      | 1960 ||| Stepping randomly (stuck).
  1961 | D:2      | 1961 ||| Stepping randomly (stuck).
  1962 | D:2      | 1962 ||| Stepping randomly (stuck).
  1964 | D:2      | 1964 ||| Stepping randomly (stuck).
  1966 | D:2      | 1966 ||| Stepping randomly (stuck).
  1968 | D:2      | 1968 ||| Stepping randomly (stuck).
  1970 | D:2      | 1970 ||| Stepping randomly (stuck).
  1971 | D:2      | 1971 ||| Stepping randomly (stuck).
  1972 | D:2      | 1972 ||| Stepping randomly (stuck).
  1973 | D:2      | 1973 ||| Stepping randomly (stuck).
  1980 | D:2      | 1980 ||| Stepping randomly (stuck).
  1981 | D:2      | 1981 ||| Stepping randomly (stuck).
  1982 | D:2      | 1982 ||| Stepping randomly (stuck).
  1996 | D:2      | 1996 ||| Stepping randomly (stuck).
  1997 | D:2      | 1997 ||| Stepping randomly (stuck).
  1998 | D:2      | 1998 ||| Stepping randomly (stuck).
  1999 | D:2      | 1999 ||| Stepping randomly (stuck).
  2000 | D:2      | 2000 ||| Stepping randomly (stuck).
  2001 | D:2      | 2001 ||| Stepping randomly (stuck).
  2002 | D:2      | 2002 ||| Stepping randomly (stuck).
  2003 | D:2      | 2003 ||| Stepping randomly (stuck).
  2004 | D:2      | 2004 ||| Stepping randomly (stuck).
  2016 | D:2      | 2016 ||| Stepping randomly (stuck).
  2017 | D:2      | 2017 ||| Stepping randomly (stuck).
  2018 | D:2      | 2018 ||| Stepping randomly (stuck).
  2019 | D:2      | 2019 ||| Stepping randomly (stuck).
  2020 | D:2      | 2020 ||| Stepping randomly (stuck).
  2021 | D:2      | 2021 ||| Stepping randomly (stuck).
  2028 | D:2      | 2028 ||| Stepping randomly (stuck).
  2029 | D:2      | 2029 ||| Stepping randomly (stuck).
  2032 | D:2      | 2032 ||| Stepping randomly (stuck).
  2034 | D:2      | 2034 ||| Stepping randomly (stuck).
  2333 | D:2      | 2333 ||| UPGRADING to +2 ring mail of fire resistance.
  2343 | D:2      | 2343 ||| DROPPING +0 scale mail.
  2356 | D:3      | Noticed a phantom
  2357 | D:3      | 2357 ||| STAIRDANCE
  2379 | D:3      | Killed a phantom
  2380 | D:3      | Reached skill level 5 in Axes
  2380 | D:3      | Reached XP level 5. HP: 22/32 MP: 5/5
  2505 | D:3      | Found a burning altar of Makhleb.
  2585 | D:3      | Reached skill level 1 in Dodging
  2627 | D:3      | Found a faded altar of an unknown god.
  2746 | D:3      | 2746 ||| READING scroll labelled SIVOERINEMN.
  2786 | D:4      | Found a glowing silver altar of Zin.
  2790 | D:4      | Found a white marble altar of Elyvilon.
  2790 | D:4      | Found a glowing golden altar of the Shining One.
  2816 | D:4      | 2816 ||| Stepping ~*~*~tactically~*~*~ (hiding).
  2846 | D:4      | Reached XP level 6. HP: 33/38 MP: 6/6
  2871 | D:4      | Found a sacrificial altar of Ru.
  2872 | D:4      | Found an ancient bone altar of Kikubaaqudgha.
  2889 | D:4      | 2889 ||| Stepping ~*~*~tactically~*~*~ (stealth).
  2890 | D:4      | 2890 ||| Stepping ~*~*~tactically~*~*~ (stealth).
  3071 | D:4      | 3071 ||| Stepping ~*~*~tactically~*~*~ (stealth).
  3072 | D:4      | 3072 ||| Stepping ~*~*~tactically~*~*~ (stealth).
  3073 | D:4      | 3073 ||| Stepping ~*~*~tactically~*~*~ (stealth).
  3075 | D:4      | 3075 ||| Stepping ~*~*~tactically~*~*~ (stealth).
  3095 | D:4      | 3095 ||| Stepping ~*~*~tactically~*~*~ (hiding).
  3174 | D:4      | 3174 ||| Stepping ~*~*~tactically~*~*~ (stealth).
  3175 | D:4      | 3175 ||| Stepping ~*~*~tactically~*~*~ (stealth).
  3176 | D:4      | 3176 ||| Stepping ~*~*~tactically~*~*~ (stealth).
  3177 | D:4      | 3177 ||| Stepping ~*~*~tactically~*~*~ (stealth).
  3178 | D:4      | 3178 ||| Stepping ~*~*~tactically~*~*~ (stealth).
  3179 | D:4      | 3179 ||| Stepping ~*~*~tactically~*~*~ (stealth).
  3182 | D:4      | 3182 ||| Stepping ~*~*~tactically~*~*~ (stealth).
  3322 | D:4      | Identified the +1 robe of Plasticity {rF+ Str+3 Int-2}
  3446 | D:4      | Found a stormy altar of Qazlal.
  3632 | D:4      | 3632 ||| UPGRADING to +0 chain mail.
  3642 | D:4      | 3642 ||| UPGRADING to +6 ring of strength.
  3643 | D:4      | 3643 ||| READING scroll labelled YSIKHUMEMU.
  3644 | D:4      | 3644 ||| READING scroll labelled GAIXKI PI NAI.
  3645 | D:4      | 3645 ||| READING 2 scrolls of identify.
  3645 | D:4      | 3645 ||| IDENTIFYING bubbling white potion
  3646 | D:4      | 3646 ||| DROPPING potion of degeneration.
  3668 | D:5      | Entered Level 5 of the Dungeon
  3681 | D:5      | Reached skill level 6 in Axes
  3681 | D:5      | Reached XP level 7. HP: 24/43 MP: 7/7
  3763 | D:5      | 3763 ||| Stepping ~*~*~tactically~*~*~ (stealth).
  3764 | D:5      | 3764 ||| Stepping ~*~*~tactically~*~*~ (stealth).
  3765 | D:5      | 3765 ||| Stepping ~*~*~tactically~*~*~ (hiding).
  3777 | D:5      | HP: 9/43 [killer bee (5)]
  3778 | D:5      | 3778 ||| READING scroll of teleportation.
  3778 | D:5      | HP: 3/43 [killer bee (6)]
  3779 | D:5      | HP: 1/43 [killer bee (1)]
  3779 | D:5      | Slain by a killer bee

Levels and vault maps discovered:
D:1:      heliophobic_arrival_dark_side_of_the_moon, layout_basic
D:2:      layout_basic, basic_altar, kennysheep_pointless_box, minmay_puff
D:3:      layout_rooms, mainiacjoe_overflow_small_starburst,
          shapermc_ecumenical_altar_mp_urbaneastern
D:4:      layout_loops_ring, dreamdust_divine_triumvirate,
          nicolae_qazlal_scattered_showers, nicolae_overflow_squiral,
          serial_forest, infiniplex_forest_clump_long,
          infiniplex_forest_straight_3, infiniplex_forest_lined_room_3,
          infiniplex_forest_lined_3, infiniplex_forest_lined_corner,
          grunt_ministairs_8, minmay_misc_feat_enclosed
D:5:      layout_basic, fiery_altar_vehumet, minivault_11

Skill      XL: |  1  2  3  4  5  6 |
---------------+-------------------+-----
Axes           | 2 3 5 6 |  6.3
Dodging        | 1 |  1.3
Fighting       | 4 |  4.0
Armour         | |  3.2
Shields        | |  3.2

Action                   |  1- 3 |  4- 6 |  7- 9 || total
-------------------------+-------+-------+-------++-------
Melee: War axe           |   124 |   151 |    12 ||   287
Throw: Boomerang         |       |    25 |       ||    25
  Use: Scroll            |     5 |     6 |     1 ||    12
Armor: Scale mail        |    50 |    23 |       ||    73
       Ring mail         |       |    52 |       ||    52
       Chain mail        |       |     5 |    19 ||    24
Dodge: Dodged            |    60 |    51 |    15 ||   126
Block: Buckler           |    26 |    23 |     5 ||    54

Table legend:
 A = Non-vault XP
 B = Vault XP
 C = Vault XP percentage of total XP
 D = Non-vault monster count
 E = Vault monster count
 F = Vault count percentage of total count
                 A         B        C        D         E       F
            +---------+---------+-------+---------+---------+-------
      Total |     727 |      19 |   2.5 |      93 |       7 |   7.0
            +---------+---------+-------+---------+---------+-------
        D:1 |      61 |       0 |   0.0 |      37 |       0 |   0.0
        D:2 |      68 |       9 |  11.7 |      17 |       5 |  22.7
        D:3 |     163 |       0 |   0.0 |       8 |       0 |   0.0
        D:4 |     252 |      10 |   3.8 |      27 |       2 |   6.9
        D:5 |     183 |       0 |   0.0 |       4 |       0 |   0.0
            +---------+---------+-------+---------+---------+-------
